Get step-by-step instructions on how to execute this build order below. Start the game timer, and the build order will tick by so you can play in parallel with StarCraft on a second screen or mobile device.

Game Time

  0:00

Last Step

  N/A

Next Step

Upcoming Step



Don't want to look back and forth between 2 screens? Try out our Overwolf App, the Spawning Tool Build Advisor to get an in-game overlay with this build!

Complete Build Order

  12  0:00  Probe  
  13  0:12  Probe  
  14  0:18  Pylon  
  14  0:24  Probe  
  15  0:37  Probe (Chrono Boost)  
  15  0:39  Gateway  
  16  0:48  Assimilator, Probe (Chrono Boost)  
  17  0:53  Probe (Chrono Boost)  
  18  1:03  Probe  
  19  1:15  Probe  
  20  1:27  Probe  
  20  1:28  Cybernetics Core  
  21  1:39  Nexus  
  21  1:46  Pylon  
  21  1:49  Probe  
  22  1:55  Assimilator  
  23  2:01  Adept (Chrono Boost), Probe  
  25  2:09  Warp Gate  
  25  2:13  Probe  
  26  2:22  Stalker (Chrono Boost)  
  26  2:25  Probe  
  29  2:37  Probe  
  29  2:41  Robotics Facility  
  30  2:49  Probe  
  31  2:59  Probe  
  31  3:00  Sentry, Gateway  
  31  3:03  Probe (Chrono Boost)  
  35  3:06  Shield Battery  
  35  3:11  Probe (Chrono Boost)  
  36  3:19  Probe (Chrono Boost)  
  38  3:20  Probe (Chrono Boost)  
  38  3:21  Pylon  
  38  3:25  Probe (Chrono Boost)  
  39  3:28  Observer, Probe (Chrono Boost)  
  39  3:30  Phoenix  
  41  3:37  Probe (Chrono Boost)  
  43  3:42  Probe (Chrono Boost)  
  43  3:43  Twilight Council, Probe (Chrono Boost)  
  44  3:50  Assimilator, Probe  
  44  3:52  Observer, Probe  
  47  3:57  Stalker  
  47  4:01  Stalker, Pylon  
  47  4:02  Probe  
  52  4:04  Probe  
  52  4:09  Assimilator  
  53  4:14  Probe  
  54  4:19  Probe  
  54  4:21  Pylon  
  55  4:25  Immortal  
  55  4:26  Probe  
  57  4:35  Probe  
  57  4:38  Stalker x2  
  59  4:40  Probe  
  58  4:47  Probe (Chrono Boost)  
  58  4:52  Probe (Chrono Boost)  
  58  4:59  Probe (Chrono Boost)  
  59  5:02  Probe (Chrono Boost)  
  59  5:03  Blink (Chrono Boost)  
  59  5:04  Probe (Chrono Boost)  
  61  5:07  Probe (Chrono Boost)  
  61  5:14  Probe  
  63  5:19  Pylon, Probe  
  64  5:26  Probe  
  65  5:28  Templar Archives  
  65  5:31  Probe  
  65  5:32  Nexus  
  66  5:38  Probe  
  66  5:41  Gateway  
  67  5:43  Probe  
  67  5:44  Gateway  
  67  5:48  Gateway  
  68  5:52  Gateway  
  68  5:57  Gateway, Psionic Storm  
  68  6:01  Gateway  
  68  6:12  High Templar x2  
  68  6:14  Pylon  
  68  6:16  Probe  
  68  6:17  Observer, Probe  
  74  6:24  Shield Battery  
  74  6:28  Probe  
  74  6:29  Probe, Pylon  
  76  6:34  Pylon  
  76  6:37  Charge (Chrono Boost)  
  76  6:40  High Templar, Probe  
  76  6:45  Probe  
  80  6:48  Forge  
  80  6:50  Probe, Pylon  
  80  6:52  High Templar  
  80  6:54  Probe  
  83  6:57  Probe  
  84  7:01  Warp Prism  
  84  7:02  Probe  
  84  7:06  Probe  
  88  7:09  Probe  
  88  7:12  Sentry, Zealot  
  88  7:13  Zealot  
  88  7:14  Probe  
  96  7:17  Pylon  
  96  7:18  Protoss Ground Weapons Level 1 (Chrono Boost), Probe  
  96  7:20  Pylon  
  96  7:22  Probe  
  98  7:29  Pylon, Stalker x2  
  102  7:34  Zealot x2  
  106  7:41  Zealot x3  
  112  7:45  Assimilator  
  112  7:47  Assimilator  
  111  7:57  Zealot x5  
  118  8:08  Zealot x3  
  118  8:10  Probe  
  118  8:12  Assimilator, Pylon  
  125  8:20  Zealot x2  
  125  8:21  Zealot x3  
  125  8:33  Zealot x3  
  113  8:38  Probe x2  
  113  8:41  Assimilator  
  115  8:43  Robotics Bay  
  115  8:47  Robotics Facility  
  115  8:54  Zealot x2  
  115  8:55  Zealot x5, Pylon  
  129  8:57  High Templar  
  129  8:58  Protoss Ground Weapons Level 2 (Chrono Boost)  
  129  9:01  Probe  
  132  9:12  Nexus  
  132  9:20  Probe  
  131  9:25  Photon Cannon  
  131  9:26  Shield Battery  
  131  9:28  High Templar x2, Photon Cannon  
  131  9:30  High Templar  
  135  9:36  Colossus (Chrono Boost)  
  141  9:43  Colossus (Chrono Boost)  
  147  9:46  Extended Thermal Lance  
  147  9:51  Forge  
  143  9:53  Observer  
  143  9:54  Probe x2  
  143  9:55  Probe  
  146  10:03  High Templar x2  
  146  10:05  Archon  
  146  10:06  Probe  
  149  10:10  Zealot  
  149  10:11  Zealot x4  
  152  10:18  Archon  
  152  10:19  Zealot  
  152  10:24  Colossus (Chrono Boost)  
  136  10:32  Colossus (Chrono Boost)  
  136  10:34  High Templar x2  
  136  10:35  Probe x3  
  140  10:36  Probe  
  140  10:41  Pylon  
  140  10:42  Protoss Ground Armor Level 1 (Chrono Boost)  
  142  10:43  Zealot x2  
  142  10:49  Photon Cannon  
  146  10:50  High Templar  
  146  10:51  Shield Battery  
  148  10:57  Photon Cannon  
  148  11:00  Zealot x3  
  154  11:08  Zealot x4  
  162  11:22  Stalker  
  162  11:25  Pylon  
  164  11:27  Photon Cannon, Pylon  
  164  11:29  Pylon  
  164  11:31  Protoss Ground Weapons Level 3 (Chrono Boost)  
  164  11:34  Photon Cannon  
  164  11:35  Photon Cannon  
  164  11:38  Pylon  
  163  11:47  Stalker x3  
  163  11:48  Stalker x3  
  173  11:55  Zealot x2  
  173  12:00  Dark Shrine  
  177  12:08  Pylon  
  177  12:12  Nexus  
  177  12:14  Pylon  
  177  12:15  Observer (Chrono Boost)  
  177  12:20  High Templar x2  
  177  12:21  Assimilator  
  177  12:22  Observer (Chrono Boost), High Templar  
  183  12:25  Archon, Assimilator, Stalker x3  
  189  12:30  Photon Cannon  
  189  12:32  Shield Battery  
  189  12:36  Observer (Chrono Boost)  
  187  12:37  Observer (Chrono Boost)  
  187  12:43  Zealot x2  
  191  12:47  Protoss Ground Armor Level 2 (Chrono Boost)  
  191  12:48  Gateway  
  191  12:50  Gateway  
  191  12:59  Disruptor  
  195  13:05  Photon Cannon  
  195  13:13  Shadow Stride, Gateway  
  195  13:15  Gateway  
  195  13:18  Zealot x2  
  199  13:22  Robotics Facility  
  199  13:31  Gateway  
  199  13:32  Gateway  
  199  13:35  Stargate  
  199  13:48  Archon  
  199  14:03  Protoss Shields Level 1 (Chrono Boost)  
  198  14:28  Shield Battery  
  198  14:30  Shield Battery  
  198  14:32  Shield Battery  
  196  14:51  Disruptor (Chrono Boost)  
  196  15:01  Disruptor (Chrono Boost), Fleet Beacon, Stargate  
  196  15:06  Probe  
  197  15:07  Pylon, Probe x2  
  191  15:22  Disruptor  
  191  15:43  Nexus  
  191  15:44  Protoss Air Weapons Level 1 (Chrono Boost)  
  191  15:45  Pylon  
  189  15:51  Tempest (Chrono Boost)  
  189  15:53  Stargate  
  189  15:56  Tempest (Chrono Boost)  
  187  16:13  Assimilator  
  187  16:15  Assimilator  
  184  16:18  Photon Cannon  
  184  16:21  Photon Cannon  
  184  16:24  Photon Cannon  
  184  16:27  Photon Cannon  
  184  16:29  Pylon  
  184  16:31  Tempest (Chrono Boost)  
  189  16:36  Tempest (Chrono Boost)  
  194  16:44  Pylon  
  194  16:46  Tempest  
  199  17:12  Archon  
  188  17:23  Zealot x6  
  188  17:29  Stalker x3  
  200  17:32  Stalker x5